 Dungeon Crawl Stone Soup version 0.18.1-48-g4cf74bf (webtiles) character file.

135 PrikolusRex the Grave Robber (level 5, -2/36 HPs)
             Began as a Human Necromancer on Sept 4, 2016.
             Slain by an orc priest
             ... wielding a +0 whip
              (8 damage)
             ... on level 3 of the Dungeon.
             The game lasted 00:19:09 (3116 turns).

PrikolusRex the Grave Robber (Human Necromancer)    Turns: 3116, Time: 00:19:09

Health: -2/36      AC:  2    Str:  9    XL:     5   Next: 41%
Magic:  9/10       EV: 12    Int: 16    God:
Gold:   122        SH:  0    Dex: 13    Spells: 2 memorised, 9 levels left

rFire  . . .     SeeInvis .     r - +0 short sword (speed)
rCold  . . .     Gourm    .     a - +0 robe
rNeg   . . .     Faith    .     (no shield)
rPois  .         Spirit   .     (no helmet)
rElec  .         Dismiss  .     (no cloak)
rCorr  .         Reflect  .     (no gloves)
SustAt .         Harm     .     (no boots)
MR     .....                    (no amulet)
Stlth  ++........               (no ring)
                                (no ring)

@: flying, not resistant to hostile enchantments, unstealthy
A: no striking features
a: no special abilities


You were on level 3 of the Dungeon.
You were not hungry.

You visited 1 branch of the dungeon, and saw 3 of its levels.

You collected 122 gold pieces.

Inventory:

Hand Weapons
 f - a +0 club
 i - a +0 club
 r - a +0 short sword of speed (weapon)
Armour
 a - a +0 robe (worn)
Wands
 m - a wand of iceblast (1/15)
Scrolls
 e - a scroll of magic mapping
 n - a scroll of fog
 p - a scroll of remove curse
 q - a scroll of identify
Potions
 g - a potion of beneficial mutation {unknown}
 k - 2 potions of flight
 o - a potion of resistance
Books
 b - a book of Necromancy

   Spells                             Type                      Level
   a - Pain                           Necromancy                   1
   b - Animate Skeleton               Necromancy                   1
   c - Vampiric Draining              Necromancy                   3
   d - Regeneration                   Charms/Necromancy            3
   e - Animate Dead                   Necromancy                   4
   f - Control Undead                 Necromancy                   4
Comestibles
 c - 4 bread rations
 d - 6 fruits
 h - 3 chunks of flesh
 j - a meat ration


   Skills:
 + Level 0.4 Fighting
 + Level 2.2 Dodging
 + Level 2.1 Stealth
 + Level 3.6 Spellcasting
 + Level 5.0 Necromancy


You had 9 spell levels left.
You knew the following spells:

 Your Spells              Type           Power        Failure   Level  Hunger
a - Pain                  Necr           ###.         2%          1    None
b - Animate Skeleton      Necr           N/A          2%          1    None


Dungeon Overview and Level Annotations

Branches:
Dungeon (3/15)

Altars:
Zin


Message History

The orc priest is almost dead.
Evoking this partially-identified wand wasted a few charges.
You hear a shout!
A goblin comes into view. It is wielding a club.
A quokka comes into view.
You feel very buoyant.
You fly up into the air.
The orc priest closely misses you.
You hit the orc priest but do no damage.
The orc priest is almost dead.
The orc priest hits you with a whip.
* * * LOW HITPOINT WARNING * * *
You closely miss the orc priest.
The orc priest is almost dead.
You barely miss the orc priest.
The orc priest is almost dead.
The orc priest barely misses you.
You completely miss the orc priest.
The orc priest is almost dead.
The orc priest hits you with a whip!
You die...

#.#.# #.# #######.#.# #.#
..........# #.. #.#
######.### #.# #.# #.#
#.# # #.# #.# #.#.# #r#
#.# #.#.###g# #Z#
#.....#@# #######.#
##########.#
#.#o######.......#
...........#
#..........#######
.###.##.##.###.#.#####.##
.# #.##.##.Z<..#.# #.# <#
#.##.########.# #.# .#
#.##.# #.....# #.# .#
#.##.# #.##### #.#
(.##.##.####)# #.#


You could see an orc priest, a quokka and a goblin.

Vanquished Creatures
  Terence (D:2)
  An orc wizard (D:3)
  A gnoll (D:1)
  4 adders
  A worm (D:2)
  A dart slug (D:1)
  2 giant geckos
  2 ball pythons (D:2)
  4 giant cockroaches
  5 goblins
  4 hobgoblins
  6 bats
  2 giant newts (D:2)
  4 kobolds
  2 rats
40 creatures vanquished.

Vanquished Creatures (collateral kills)
  2 orcs (D:3)
  A goblin (D:2)
  A kobold (D:2)
4 creatures vanquished.

Grand Total: 44 creatures vanquished

Notes
Turn   | Place    | Note
--------------------------------------------------------------
     0 | D:1      | PrikolusRex the Human Necromancer began the quest for the Orb.
     0 | D:1      | Reached XP level 1. HP: 13/13 MP: 3/3
     2 | D:1      | Learned a level 1 spell: Animate Skeleton
   518 | D:1      | Reached XP level 2. HP: 2/19 MP: 0/5
  1218 | D:1      | Reached XP level 3. HP: 13/24 MP: 0/6
  1625 | D:2      | Noticed Terence
  1665 | D:2      | Killed Terence
  1665 | D:2      | Reached XP level 4. HP: 20/30 MP: 0/8
  2570 | D:2      | Found a glowing silver altar of Zin.
  2888 | D:3      | Reached XP level 5. HP: 32/35 MP: 4/10
  3036 | D:3      | Reached skill level 5 in Necromancy
  3116 | D:3      | Slain by an orc priest

Skill      XL: |  1  2  3  4  5 |
---------------+----------------+-----
Spellcasting   | 3 |  3.6
Necromancy     | 5 |  5.0
Fighting       | |  0.4
Dodging        | |  2.2
Stealth        | |  2.1

Action                   |  1- 3 |  4- 6 || total
-------------------------+-------+-------++-------
Melee: Club              |    11 |       ||    11
       Short sword       |       |     8 ||     8
 Cast: Pain              |    47 |    45 ||    92
       Animate Skeleton  |    10 |     8 ||    18
Evoke: Wand              |     1 |     1 ||     2
  Use: Scroll            |     2 |     3 ||     5
       Potion            |       |     4 ||     4
  Eat: Chunk             |     3 |     4 ||     7
       Fruit             |       |     1 ||     1
Armor: Robe              |     9 |     8 ||    17
Dodge: Dodged            |    31 |    15 ||    46
